 Dungeon Sprint DCSS version 0.21-a0-314-gb3271ec (webtiles) character file.

8226 potatolord6000 the Martial Artist (level 11, 0/90 HPs)
             Began as a Gnoll Transmuter on Sept 29, 2017.
             Was the Champion of Cheibriados.
             Killed from afar by a nagaraja (32 damage)
             ... with an orb of energy
             ... in the Dungeon (Sprint VII: "The Pits").
             The game lasted 00:08:50 (1300 turns).

potatolord6000 the Martial Artist (GnTm)            Turns: 1300, Time: 00:08:51

Health: 0/90       AC: 11    Str: 34    XL:     11   Next: 27%
Magic:  25/25      EV: 32    Int: 31    God:    Cheibriados [******]
Gold:   0          SH:  0    Dex: 37    Spells: 21/31 levels left

rFire    . . .     SeeInvis .     - Unarmed
rCold    . . .     Gourm    .   (shield currently unavailable)
rNeg     . . .     Faith    .   b - +0 robe
rPois    .         Spirit   .   v - +0 helmet
rElec    .         Reflect  .   (no cloak)
rCorr    .         Harm     .   (gloves currently unavailable)
MR       .....     NoTele   +   u - +0 pair of boots
Stlth    +++++++...             (no amulet)
HPRegen  0.25/turn              k - +3 ring of protection
MPRegen  0.19/turn              q - +3 ring of protection

@: mighty, agile, blade hands, very slow
A: distributed training, fangs 1, strong nose
a: End Transformation, Bend Time, Temporal Distortion, Slouch, Step From Time,
Renounce Religion


You were in the Dungeon.
You worshipped Cheibriados.
Cheibriados was exalted by your worship.
You were very full.
You had blades for hands.
You visited 1 branch

Inventory:

Missiles
 a - 12 arrows
Armour
 b - a +0 robe (worn)
 u - a +0 pair of boots (worn)
 v - a +0 helmet (worn)
Jewellery
 k - a +3 ring of protection (left scythe-like blade)
 q - a +3 ring of protection (right scythe-like blade)
Scrolls
 j - a scroll of blinking
 l - 3 scrolls of remove curse
 m - 5 scrolls of amnesia
 n - a scroll of summoning
Potions
 e - 6 potions of curing
 g - a potion of haste
 h - 4 potions of magic
 i - 3 potions of berserk rage
 r - a potion of might
 s - a potion of agility
 t - a potion of brilliance
Books
 c - a book of Changes

   Spells                             Type                      Level
   a - Beastly Appendage              Transmutation                1
   b - Sticks to Snakes               Transmutation                2
   c - Spider Form                    Transmutation/Poison         3
   d - Ice Form                       Ice/Transmutation            4
   e - Blade Hands                    Transmutation                5
Comestibles
 d - 8 bread rations
 o - 40 fruits
 p - 5 meat rations


   Skills:
 + Level 10.0 Fighting
 + Level 9.0 Short Blades
 + Level 9.0 Long Blades
 + Level 10.2 Axes
 + Level 10.1 Maces & Flails
 + Level 9.9 Polearms
 + Level 9.6 Staves
 + Level 9.2 Slings
 + Level 9.7 Bows
 + Level 9.5 Crossbows
 + Level 10.0 Throwing
 + Level 9.7 Armour
 + Level 10.9 Dodging
 + Level 9.4 Stealth
   Level 0.0 Stabbing
 + Level 9.6 Shields
   Level 0.0 Traps
 + Level 11.8 Unarmed Combat
 + Level 10.7 Spellcasting
 + Level 9.5 Conjurations
 + Level 9.3 Hexes
 + Level 9.7 Charms
 + Level 9.7 Summonings
 + Level 9.2 Necromancy
 + Level 9.5 Translocations
 + Level 10.8 Transmutations
 + Level 9.4 Fire Magic
 + Level 9.4 Ice Magic
 + Level 9.8 Air Magic
 + Level 9.2 Earth Magic
 + Level 9.7 Poison Magic
 + Level 9.4 Invocations
 + Level 9.6 Evocations


You had 21 spell levels left.
You knew the following spells:

 Your Spells              Type           Power        Failure   Level  Hunger
a - Beastly Appendage     Tmut           ######       5%          1    None
b - Ice Form              Ice/Tmut       ######..     12%         4    None
c - Blade Hands           Tmut           ######....   16%         5    ###....


Dungeon Overview and Level Annotations

Branches:
Dungeon (1/1)

Altars:
Ashenzari
Cheibriados
Dithmenos
Elyvilon
Fedhas
Gozag
Hepliaklqana
Kikubaaqudgha
Makhleb
Nemelex Xobeh
Okawaru
Qazlal
Ru
Sif Muna
Trog
Uskayaw
Vehumet
Wu Jian
Xom
Yredelemnul
Zin
The Shining One
Beogh
Jiyva
Lugonu


Innate Abilities, Weirdness & Mutations

Your experience applies equally to all skills.
You have very sharp teeth.
Your uncanny sense of smell can sniff out nearby items.


Message History

Unknown command.
Unknown command.
You feel agile all of a sudden. Something hits you!
Something bites you but does no damage.
Unknown command.
Unknown command.
Unknown command.
You slice something!!
Unknown command.
You shred something!!!
Cheibriados thoroughly appreciates the change of pace.
Reactivating autopickup.
Your Fighting skill increases to level 10!
Your Short Blades skill increases to level 9!
Your Long Blades skill increases to level 9!
Your Throwing skill increases to level 10!
You feel a bit more experienced. The nagaraja casts a spell at you.
The orb of energy hits you!
You die...

.........+ .........+
..#......# .........#
##''###### ##''# #####
#######
##..###...###..+...#
##...##...##..##.N.###
###...##'##..###@[.'.#
#
##..........##...#..#
###.รท###'###...##'##
.#
##.)##.....##..#...#
##..'.......+..+...+
##..##.....##..#.).#
###..###'###...##)## #
##..........##...# #
#...##'##..###...+


You could see a nagaraja.

Vanquished Creatures
  A hydra (D)
  A death knight (D)
  A vampire mage (D)
  2 swamp dragons (D)
  2 phantasmal warriors (D)
  A smoke demon (D)
  A rime drake (D)
  A kobold demonologist (D)
  A jumping spider (D)
  6 blink frogs (D)
  A wandering mushroom (D)
  A flying skull (D)
  A ynoxinul (D)
  A water elemental (D)
  A basilisk (D)
  A hungry ghost (D)
  A warg (D)
  2 floating eyes (D)
  Purgy (D)
  2 ice beasts (D)
  A sky beast (D)
  2 eyes of draining (D)
  A bullfrog (D)
  2 gnoll sergeants (D)
  4 killer bees (D)
  2 orc wizards (D)
  A worker ant (D)
  A mummy (D)
  8 gnolls (D)
  2 leopard geckos (D)
  2 orcs (D)
  A hobgoblin (D)
  A ball python (D)
  A bat (D)
  2 rats (D)
60 creatures vanquished.

Vanquished Creatures (others)
  An ufetubus (D)
1 creature vanquished.

Grand Total: 61 creatures vanquished

Notes
Turn   | Place    | Note
-------+----------+-------------------------------------------
     0 | D        | potatolord6000 the Gnoll Transmuter began the quest for the Orb.
     0 | D        | Reached XP level 1. HP: 17/17 MP: 6/6
    46 | D        | Found a bloodstained altar of Trog.
    46 | D        | Found a deep blue altar of Sif Muna.
    46 | D        | Found a viscous altar of Jiyva.
    46 | D        | Found a hazy altar of Hepliaklqana.
    46 | D        | Found an opulent altar of Gozag.
    47 | D        | Found a glowing golden altar of the Shining One.
    47 | D        | Found a glowing silver altar of Zin.
    47 | D        | Found a basalt altar of Yredelemnul.
    47 | D        | Found a shimmering altar of Xom.
    47 | D        | Found an ornate altar of the Wu Jian Council.
    47 | D        | Found a sacrificial altar of Ru.
    47 | D        | Found a stormy altar of Qazlal.
    47 | D        | Found an iron altar of Okawaru.
    47 | D        | Found a sparkling altar of Nemelex Xobeh.
    47 | D        | Found a burning altar of Makhleb.
    47 | D        | Found a blossoming altar of Fedhas.
    47 | D        | Found a white marble altar of Elyvilon.
    47 | D        | Found a shadowy altar of Dithmenos.
    47 | D        | Found a snail-covered altar of Cheibriados.
    49 | D        | Found a radiant altar of Vehumet.
    49 | D        | Found a corrupted altar of Lugonu.
    49 | D        | Found a roughly hewn altar of Beogh.
    51 | D        | Found an ancient bone altar of Kikubaaqudgha.
    51 | D        | Found a hide-covered altar of Uskayaw.
    51 | D        | Found a shattered altar of Ashenzari.
    62 | D        | Became a worshipper of Cheibriados the Contemplative
    81 | D        | Reached skill level 1 in Shields
    81 | D        | Reached skill level 1 in Air Magic
    85 | D        | Reached skill level 1 in Slings
    85 | D        | Reached skill level 1 in Crossbows
    85 | D        | Reached skill level 1 in Fire Magic
   137 | D        | Noticed a worker ant
   139 | D        | Reached * piety under Cheibriados
   139 | D        | Reached skill level 1 in Polearms
   149 | D        | Killed a worker ant
   149 | D        | Reached ** piety under Cheibriados
   149 | D        | Reached skill level 1 in Short Blades
   149 | D        | Reached skill level 1 in Long Blades
   149 | D        | Reached skill level 1 in Axes
   149 | D        | Reached skill level 1 in Staves
   149 | D        | Reached skill level 1 in Bows
   149 | D        | Reached skill level 1 in Throwing
   149 | D        | Reached skill level 5 in Dodging
   149 | D        | Reached skill level 5 in Spellcasting
   149 | D        | Reached skill level 1 in Conjurations
   149 | D        | Reached skill level 1 in Hexes
   149 | D        | Reached skill level 1 in Summonings
   149 | D        | Reached skill level 1 in Necromancy
   149 | D        | Reached skill level 1 in Translocations
   149 | D        | Reached skill level 1 in Invocations
   149 | D        | Reached skill level 1 in Evocations
   149 | D        | Reached XP level 2. HP: 15/23 MP: 8/8
   149 | D        | Reached XP level 3. HP: 19/28 MP: 9/9
   246 | D        | Noticed a floating eye
   248 | D        | Noticed Purgy
   253 | D        | Killed a floating eye
   253 | D        | Reached skill level 7 in Unarmed Combat
   253 | D        | Reached skill level 5 in Transmutations
   253 | D        | Reached XP level 4. HP: 37/37 MP: 8/11
   253 | D        | Reached XP level 5. HP: 42/42 MP: 9/13
   257 | D        | Killed Purgy
   257 | D        | Reached *** piety under Cheibriados
   257 | D        | Reached XP level 6. HP: 41/49 MP: 11/15
   331 | D        | Learned a level 4 spell: Ice Form
   337 | D        | Learned a level 5 spell: Blade Hands
   418 | D        | Noticed a flying skull
   422 | D        | Noticed a floating eye
   423 | D        | Noticed a hungry ghost
   425 | D        | Killed a flying skull
   425 | D        | Reached skill level 5 in Fighting
   425 | D        | Reached skill level 5 in Maces & Flails
   425 | D        | Reached skill level 5 in Polearms
   425 | D        | Reached skill level 5 in Crossbows
   425 | D        | Reached skill level 8 in Unarmed Combat
   425 | D        | Reached skill level 5 in Translocations
   425 | D        | Paralysed by a floating eye for 3 turns
   436 | D        | Killed a hungry ghost
   436 | D        | Reached **** piety under Cheibriados
   436 | D        | Reached skill level 5 in Long Blades
   436 | D        | Reached skill level 5 in Axes
   436 | D        | Reached skill level 5 in Slings
   436 | D        | Reached skill level 5 in Throwing
   436 | D        | Reached skill level 5 in Stealth
   436 | D        | Reached skill level 5 in Shields
   436 | D        | Reached skill level 5 in Hexes
   436 | D        | Reached skill level 5 in Summonings
   436 | D        | Reached skill level 5 in Necromancy
   436 | D        | Reached skill level 5 in Fire Magic
   436 | D        | Reached skill level 5 in Air Magic
   436 | D        | Reached skill level 5 in Poison Magic
   436 | D        | Reached XP level 7. HP: 17/56 MP: 13/17
   438 | D        | Paralysed by a floating eye for 2 turns
   443 | D        | Paralysed by a floating eye for 4 turns
   448 | D        | Reached skill level 5 in Short Blades
   448 | D        | Reached skill level 5 in Staves
   448 | D        | Reached skill level 5 in Bows
   448 | D        | Reached skill level 5 in Armour
   448 | D        | Reached skill level 5 in Conjurations
   448 | D        | Reached skill level 5 in Ice Magic
   448 | D        | Reached skill level 5 in Earth Magic
   448 | D        | Reached skill level 5 in Invocations
   448 | D        | Reached skill level 5 in Evocations
   449 | D        | Reached ***** piety under Cheibriados
   452 | D        | Reached skill level 5 in Charms
   675 | D        | Noticed a smoke demon
   677 | D        | Killed a smoke demon
   677 | D        | Reached skill level 9 in Unarmed Combat
   677 | D        | Reached XP level 8. HP: 65/65 MP: 15/20
   716 | D        | Reached ****** piety under Cheibriados
   734 | D        | Noticed a four-headed hydra
   734 | D        | Noticed a swamp dragon
   742 | D        | Killed a four-headed hydra
   742 | D        | Reached XP level 9. HP: 72/72 MP: 12/21
   749 | D        | Killed a swamp dragon
   749 | D        | Reached skill level 10 in Unarmed Combat
   881 | D        | Noticed a swamp dragon
   885 | D        | Noticed a phantasmal warrior
   886 | D        | Noticed a kobold demonologist
   890 | D        | Noticed an ice devil
   891 | D        | Noticed a rime drake
   895 | D        | Killed a swamp dragon
   897 | D        | Killed a kobold demonologist
   902 | D        | Reached XP level 10. HP: 9/80 MP: 20/23
   902 | D        | HP: 1/80 [phantasmal warrior (8)]
   910 | D        | Killed a phantasmal warrior
   914 | D        | Reached skill level 11 in Unarmed Combat
  1089 | D        | Reached skill level 10 in Transmutations
  1091 | D        | Reached skill level 10 in Dodging
  1091 | D        | Reached skill level 10 in Spellcasting
  1226 | D        | Noticed a death knight
  1230 | D        | Killed a death knight
  1240 | D        | Reached XP level 11. HP: 89/89 MP: 18/25
  1276 | D        | Noticed a phantasmal warrior
  1283 | D        | Killed a phantasmal warrior
  1283 | D        | Reached skill level 10 in Axes
  1283 | D        | Reached skill level 10 in Maces & Flails
  1288 | D        | Noticed a nagaraja
  1288 | D        | Noticed a vampire mage
  1300 | D        | Killed a vampire mage
  1300 | D        | Reached skill level 10 in Fighting
  1300 | D        | Reached skill level 10 in Throwing
  1300 | D        | Killed from afar by a nagaraja

Vault maps used:
D:        pitsprint

Skill      XL: |  1  2  3  4  5  6  7  8  9 10 11 |
---------------+----------------------------------+-----
Shields        | 1 2 3 5 6 7 8 9 |  9.6
Air Magic      | 2 3 4 5 6 7 8 9 |  9.8
Slings         | 2 3 4 5 6 7 8 9 |  9.2
Crossbows      | 2 3 4 5 6 7 8 9 |  9.5
Fire Magic     | 2 3 4 5 7 8 9 |  9.4
Polearms       | 2 3 4 5 6 7 9 |  9.9
Short Blades   | 1 2 3 4 5 6 7 8 9 |  9.0
Long Blades    | 1 3 5 6 7 8 9 |  9.0
Axes           | 1 2 3 5 6 8 9 10 | 10.2
Maces & Flails | 2 3 4 5 6 7 8 9 10 | 10.1
Staves         | 1 2 3 4 5 6 7 9 |  9.6
Bows           | 1 3 4 5 7 8 9 |  9.7
Throwing       | 1 3 5 6 7 8 9 10 | 10.0
Dodging        | 5 6 7 8 9 10 | 10.9
Stealth        | 2 3 5 6 7 9 |  9.4
Spellcasting   | 5 6 7 8 9 10 | 10.7
Conjurations   | 1 3 4 5 6 7 9 |  9.5
Hexes          | 1 3 5 6 7 8 9 |  9.3
Summonings     | 1 2 3 5 6 7 8 9 |  9.7
Necromancy     | 1 3 5 6 7 9 |  9.2
Translocations | 1 3 4 5 6 8 9 |  9.5
Poison Magic   | 2 3 5 6 7 9 |  9.7
Invocations    | 1 3 4 5 6 7 8 9 |  9.4
Evocations     | 1 3 4 5 6 7 9 |  9.6
Fighting       | 3 4 5 6 7 8 9 10 | 10.0
Armour         | 2 3 4 5 6 7 9 |  9.7
Unarmed Combat | 7 8 9 10 11 | 11.8
Charms         | 2 3 4 5 6 7 9 |  9.7
Transmutations | 5 6 7 8 9 10 | 10.8
Ice Magic      | 3 4 5 6 7 9 |  9.4
Earth Magic    | 2 3 4 5 6 8 9 |  9.2

Action                   |  1- 3 |  4- 6 |  7- 9 | 10-12 || total
-------------------------+-------+-------+-------+-------++-------
Melee: Unarmed           |    19 |    16 |    46 |    53 ||   134
       Bite              |     1 |       |     4 |    10 ||    15
       Headbutt          |     1 |       |       |       ||     1
       Kick              |     2 |     2 |       |       ||     4
       Punch             |       |     1 |     1 |     2 ||     4
 Cast: Beastly Appendage |     3 |       |       |       ||     3
       Ice Form          |       |     1 |     1 |       ||     2
       Blade Hands       |       |       |     4 |     6 ||    10
  Use: Potion            |     1 |       |     8 |     6 ||    15
 Stab: Sleeping          |     1 |       |     5 |     4 ||    10
       Invisible         |     1 |     1 |     8 |       ||    10
  Eat: Meat ration       |       |       |     2 |       ||     2
Armor: Robe              |     1 |       |     6 |    13 ||    20
       Skin              |       |    11 |    11 |       ||    22
Dodge: Dodged            |    16 |    34 |    84 |    44 ||   178

Table legend:
 A = Spawn XP
 B = Non-spawn XP
 C = Spawn XP percentage of total XP
 D = Spawn monster count
 E = Non-spawn monster count
 F = Spawn count percentage of total count
 G = Total turns spent on level
                    A         B        C        D         E        F      G
               +---------+---------+-------+---------+---------+-------+---------
         Total |       0 |   11752 |   0.0 |       0 |      60 |   0.0 |  1300
               +---------+---------+-------+---------+---------+-------+---------
             D |       0 |   11752 |   0.0 |       0 |      60 |   0.0 |  1300
               +---------+---------+-------+---------+---------+-------+---------
